 Dungeon Crawl Stone Soup version 0.31-a0-236-g9a0961fb85 (webtiles) character file.

Game seed: 9070441592951546540

121 greasedhog the Shooter (level 5, -9/29 HPs)
             Began as a Gargoyle Hexslinger on July 10, 2023.
             Mangled by Prince Ribbit (13 damage)
             ... on level 5 of the Dungeon.
             The game lasted 00:03:46 (2892 turns).

greasedhog the Shooter (Gargoyle Hexslinger)        Turns: 2892, Time: 00:03:46

Health: -9/29      AC: 13    Str: 12    XL:     5   Next: 5%
Magic:  5/6        EV: 11    Int: 13    God:
Gold:   196        SH:  0    Dex: 14    Spells: 5/6 levels left

rFire   . . .        a - +1 sling
rCold   . . .        (no shield)
rNeg    + . .        s - +4 ring mail of Liarab {rCorr Stlth+}
rPois   ∞            (no helmet)
rElec   +            (no cloak)
rCorr   +            (no gloves)
SInv    .            (no boots)
Will    .....        (no amulet)
Stlth   ++           (no ring)
HPRegen 0.24/turn    (no ring)
MPRegen 0.10/turn

%: no passive effects
@: no status effects
A: sickness immunity, AC +4, negative energy resistance 1, electricity
resistance, torment resistance 1, petrification resistance
a: no special abilities


You were on level 5 of the Dungeon.
You visited 1 branch of the dungeon, and saw 5 of its levels.

You collected 196 gold pieces.

Inventory:

Hand Weapons
 a - a +1 sling (weapon)
Armour
 s - the +4 ring mail of Liarab (worn) {rCorr Stlth+}
   (You found it on level 4 of the Dungeon)

   rCorr:     It protects you from acid and corrosion.
   Stlth:     It makes you more stealthy.
Jewellery
 r - a ring of ice
Scrolls
 b - a scroll of poison
 h - a scroll of revelation
 l - 2 scrolls of enchant weapon
 o - a scroll of teleportation {unknown}
 p - a scroll of noise {unknown}
Potions
 c - a potion of berserk rage
 d - a potion of ambrosia {unknown}
 e - a potion of resistance {unknown}
 f - 3 potions of haste
 g - a potion of enlightenment {unknown}
 j - a potion of degeneration {unknown}
 k - a potion of might {unknown}
 m - 2 potions of magic {unknown}
 q - 2 potions of curing


   Skills:
 - Level 1.1 Fighting
 * Level 4.2 Ranged Weapons
 + Level 2.7 Dodging
 - Level 1.0 Spellcasting
 - Level 2.6 Hexes


You had 5 spell levels left.
You knew the following spells:

 Your Spells              Type           Power      Damage    Failure   Level
a - Slow                  Hex            28%        N/A       22%         1

Your spell library contained the following spells:

 Spells                   Type           Power      Damage    Failure   Level
 Freeze                   Ice            0%         1d3       54%         1
 Shock                    Conj/Air       0%         1d3       54%         1
 Wereblood                Tmut           0%         N/A       67%         2
 Inner Flame              Hex/Fire       4%         N/A       73%         3
 Portal Projectile        Hex/Tloc       8%         N/A       73%         3
 Frozen Ramparts          Ice            0%         1d1       88%         3
 Hailstorm                Conj/Ice       0%         3d3       88%         3
 Swiftness                Air            0%         N/A       88%         3
 Cause Fear               Hex            3%         N/A       91%         4
 Airstrike                Air            0%         2d(0-16)  99%         4
 Summon Hydra             Summ           0%         N/A       100%        7
 Sublimation of Blood     Necr           Unusable   N/A       N/A         2

Dungeon Overview and Level Annotations

Branches:
Dungeon (5/15)
 Temple: D:4-7

Altars:

Annotations:
D:5 Prince Ribbit


Innate Abilities, Weirdness & Mutations

You are immune to sickness and miasma.
Your stone body is resilient. (AC +4)
You are immune to poison.
You resist negative energy. (rN+)
You are resistant to electric shocks. (rElec)
You are resistant to unholy torment.
You are immune to petrification.


Message History

You shoot a sling bullet. The sling bullet misses Prince Ribbit.
The sling bullet hits the plant.
The plant begins to die.
The plant is lightly damaged.
Aiming: Quicksilver Bolt
Press: ? - help, Shift-Dir - straight line, f/p - Prince Ribbit
Aim: Prince Ribbit (heavily wounded, 50% to hit)
The bolt of dispelling energy misses Prince Ribbit.
The bolt of dispelling energy hits the plant!
The plant begins to die.
The plant is lightly damaged.
The bolt of dispelling energy hits the plant!
The plant begins to die.
The plant is lightly damaged.
The now-empty wand crumbles to dust.
Prince Ribbit hits you.
Fire: a) +1 sling
Press: ? - help, Q - select action, (/) - cycle Shift-Dir - straight line, f/p - Prince Ribbit
Aim: Prince Ribbit (moderately wounded, 36% to hit)
You shoot a sling bullet.
The sling bullet barely misses Prince Ribbit.
A nearby plant withers and dies.
Prince Ribbit closely misses you. Prince Ribbit hits you!
* * * LOW HITPOINT WARNING * * *
Fire: a) +1 sling
Press: ? - help, Q - select action, (/) - cycle Shift-Dir - straight line, f/p - Prince Ribbit
Aim: Prince Ribbit (moderately wounded, 36% to hit)
You shoot a sling bullet.
The sling bullet closely misses Prince Ribbit.
A nearby plant withers and dies.
Prince Ribbit hits you but does no damage.
Unknown command.
Fire: a) +1 sling
Press: ? - help, Q - select action, (/) - cycle Shift-Dir - straight line, f/p - Prince Ribbit
Aim: Prince Ribbit (moderately wounded, 36% to hit)
You shoot a sling bullet. The sling bullet hits Prince Ribbit!
Prince Ribbit is heavily wounded.
A nearby plant withers and dies.
Prince Ribbit hits you.
* * * LOW HITPOINT WARNING * * *
Prince Ribbit hits you!
You die...

.~~~P≈≈ ≈
~P~≈≈≈≈ ≈≈
~~≈≈≈≈≈ ≈≈≈
~≈≈≈P~~ ..~.
.P≈≈.~. .~.~.
....~.[
......#+......#
#...F@.......
#.#..........
.............
...............
........###.###
........# .#
........# #
........#


You could see Prince Ribbit.

Vanquished Creatures
  An adder (D:3)
  3 worms
  2 dart slugs (D:2)
  4 orcs (D:3)
  5 bats
  9 endoplasms
  3 giant cockroaches
  6 hobgoblins
  12 jackals
  7 kobolds
  4 quokkas
  8 ball pythons
  A frilled lizard (D:3)
  10 goblins
  4 rats
79 creatures vanquished.

Notes
Turn   | Place    | Note
-------+----------+-------------------------------------------
     0 | D:1      | greasedhog the Gargoyle Hexslinger began the quest for the
                  | Orb.
     0 | D:1      | Reached XP level 1. HP: 12/12 MP: 2/2
    80 | D:1      | You fall into a shaft and drop 1 floor!
   112 | D:2      | Reached XP level 2. HP: 12/16 MP: 3/3
   331 | D:2      | Reached skill level 3 in Ranged Weapons
   350 | D:1      | Reached XP level 3. HP: 20/20 MP: 4/4
  1012 | D:1      | Reached XP level 4. HP: 22/25 MP: 5/5
  1849 | D:3      | Reached skill level 4 in Ranged Weapons
  2455 | D:4      | Reached XP level 5. HP: 29/29 MP: 6/6
  2675 | D:4      | Identified the +4 ring mail of Liarab {rCorr Stlth+}
  2881 | D:5      | Entered Level 5 of the Dungeon
  2881 | D:5      | Noticed Prince Ribbit
  2892 | D:5      | Mangled by Prince Ribbit

Illustrated notes

Levels and vault maps discovered:
D:1:      dpeg_arrival_morbid_curiosity, layout_loops_ring
D:2:      layout_rooms
D:3:      layout_loops_corners, st_stairs_12, grunt_decor_arrowhead
D:4:      layout_rooms
D:5:      layout_basic, doesnt_xom_only_xom, elyvilon_altar_1,
          mainiacjoe_overflow_paths, minmay_temple_entry_statues_fountains,
          chequers_big_river, serial_bayou_ford_a, uniq_prince_ribbit1

Skill      XL: |  1  2  3  4 |
---------------+-------------+-----
Dodging        | 2 |  2.7
Ranged Weapons | 3 4 |  4.2
Fighting       | |  1.1
Spellcasting   | |  1.0
Hexes          | |  2.6

Action                     |  1- 3 |  4- 6 || total
---------------------------+-------+-------++-------
   Fire: Sling             |   120 |   158 ||   278
   Cast: Slow              |     5 |     2 ||     7
  Evoke: Wand              |       |     3 ||     3
    Use: Scroll            |       |     4 ||     4
 Armour: Robe              |     9 |       ||     9
         Ring mail         |    19 |    53 ||    72
  Dodge: Dodged            |    32 |    67 ||    99

Table legend: (Time is in decaauts)
 A = Elapsed time spent in this place.
 B = Non-inter-level travel time spent in this place.
 C = Inter-level travel time spent in this place.
 D = Time resting spent in this place.
 E = Time spent auto-exploring this place.
 F = Levels seen in this place.
 G = Mean time per level.
                   A        B        C        D        E       F      G
               +--------+--------+--------+--------+--------+-----+--------+
         Total |   2983 |   2909 |     74 |     68 |   2266 |   5 |  596.6 |
       Dungeon |   2983 |   2909 |     74 |     68 |   2266 |   5 |  596.6 |
               +--------+--------+--------+--------+--------+-----+--------+

Top non-repeatable levels by time:
     D:3: 975 daAuts
     D:1: 831 daAuts
     D:2: 675 daAuts
     D:4: 489 daAuts
     D:5: 11 daAuts
